 Dungeon Crawl Stone Soup version 0.25.1-2-g60ff931 (webtiles) character file.

Game seed: 10341943662647466265

159 vortex the Firebug (level 4, -3/34 HPs)
             Began as a Demigod Fire Elementalist on Aug 19, 2020.
             Shot with a stone by a goblin (5 damage)
             ... led by Robin
             ... on level 3 of the Dungeon.
             The game lasted 00:08:36 (3535 turns).

vortex the Firebug (Demigod Fire Elementalist)      Turns: 3535, Time: 00:08:37

Health: -3/34      AC:  3    Str: 11    XL:     4   Next: 95%
Magic:  1/9        EV: 12    Int: 21    God:
Gold:   83         SH:  0    Dex: 16    Spells: 3/7 levels left

rFire    . . .     SeeInvis .   b - +3 hand axe (vorpal)
rCold    . . .     Gourm    .   (no shield)
rNeg     . . .     Faith    .   d - +0 leather armour
rPois    .         Spirit   .   (no helmet)
rElec    .         Reflect  .   (no cloak)
rCorr    .         Harm     .   (no gloves)
MR       .....                  (no boots)
Stlth    ++........             (no amulet)
HPRegen  0.11/turn              (no ring)
MPRegen  0.11/turn              (no ring)

@: no status effects
A: high mp 1
a: no special abilities


You were on level 3 of the Dungeon.
You were not hungry.

You visited 1 branch of the dungeon, and saw 3 of its levels.

You collected 83 gold pieces.

Inventory:

Hand Weapons
 b - a +3 vorpal hand axe (weapon)
Missiles
 e - a boomerang of dispersal (quivered)
Armour
 d - a +0 leather armour (worn)
Scrolls
 f - 3 scrolls of identify {unknown}
 h - a scroll of blinking {unknown}
 i - a scroll of immolation {unknown}
 j - a scroll of noise {unknown}
 k - a scroll of magic mapping {unknown}
 l - a scroll of fog {unknown}
 m - a scroll of remove curse {unknown}
Potions
 g - a potion of invisibility {unknown}
Comestibles
 a - 5 chunks of flesh
 c - 2 rations


   Skills:
 + Level 0.8 Fighting
 + Level 1.1 Axes
 - Level 1.0 Throwing
 + Level 1.0 Armour
 + Level 2.1 Dodging
 + Level 2.4 Stealth
 + Level 2.0 Spellcasting
 * Level 2.1 Conjurations
 * Level 3.4 Fire Magic


You had 3 spell levels left.
You knew the following spells:

 Your Spells              Type           Power        Failure   Level  Hunger
a - Foxfire               Conj/Fire      ##..         6%          1    #......
b - Conjure Flame         Conj/Fire      ##......     19%         3    ###....

Your spell library contained the following spells:

 Spells                   Type           Power        Failure   Level  Hunger
 Inner Flame              Hex/Fire       #.......     28%         3    ###....
 Sticky Flame             Conj/Fire      ##......     52%         4    #####..
 Fireball                 Conj/Fire      ##........   86%         5    ######.


Dungeon Overview and Level Annotations

Branches:
Dungeon (3/15)


Innate Abilities, Weirdness & Mutations

You have an increased reservoir of magic. (+10% MP)


Message History

You throw a boomerang of dispersal.
The boomerang of dispersal closely misses the goblin.
You hit the goblin.
You kill the goblin!
The goblin shoots a stone.
The stone hits you.
* * * LOW HITPOINT WARNING * * *
You see here a stone.
Throwing (i - inventory)
e - 3 boomerangs of dispersal (quivered)
Press: ? - help, Shift-Dir - straight line, f - goblin
Aim: a goblin, wielding a +0 hunting sling and quivering 17 stones You throw a boomerang of dispersal.
The boomerang of dispersal closely misses the goblin.
The goblin shoots a stone.
The stone barely misses you.
Throwing (i - inventory)
e - 2 boomerangs of dispersal (quivered)
Press: ? - help, Shift-Dir - straight line, f/p - goblin
Aim: a goblin, wielding a +0 hunting sling and quivering 16 stones You throw a boomerang of dispersal.
The boomerang of dispersal barely misses the goblin.
The goblin shoots a stone.
The stone hits you.
You die...

... ... ##### .. ###
####.(.# gg#.. ......#
.#.#####....#
.....#####..>...# #####
#†#v§§g..###.# #.... #.
#gv§§)....##.# ..#.### #.
#######...##.######.#.# #.
#......#...[))<#.#.### #.
######.#....#...###........
#.###...............#
###.##.#.


You could see 2 goblins.

Vanquished Creatures
  Robin (D:3)
  4 gnolls
  2 adders (D:2)
  An ooze (D:1)
  2 dart slugs
  A leopard gecko (D:2)
  6 orcs (D:3)
  10 bats
  2 giant cockroaches
  9 hobgoblins
  4 jackals (D:1)
  6 kobolds
  2 quokkas (D:2)
  A ball python (D:1)
  4 frilled lizards
  12 goblins
  7 rats
74 creatures vanquished.

Vanquished Creatures (others)
  185 foxfires
185 creatures vanquished.

Grand Total: 259 creatures vanquished

Notes
Turn   | Place    | Note
-------+----------+-------------------------------------------
     0 | D:1      | vortex the Demigod Fire Elementalist began the quest for
                  | the Orb.
     0 | D:1      | Reached XP level 1. HP: 14/14 MP: 5/5
    21 | D:1      | Reached skill level 1 in Conjurations
   174 | D:1      | Reached XP level 2. HP: 20/20 MP: 0/7
   829 | D:1      | Reached skill level 3 in Fire Magic
  1330 | D:2      | Reached XP level 3. HP: 26/26 MP: 4/8
  1967 | D:2      | Found a radiant altar of Vehumet.
  2587 | D:3      | Reached XP level 4. HP: 34/34 MP: 4/9
  2593 | D:3      | Reached skill level 1 in Throwing
  2777 | D:2      | Reached skill level 1 in Axes
  2872 | D:3      | Reached skill level 1 in Armour
  3279 | D:3      | Found a stormy altar of Qazlal.
  3462 | D:3      | Learned a level 3 spell: Conjure Flame
  3475 | D:3      | Noticed Robin
  3498 | D:3      | Killed Robin
  3535 | D:3      | Shot with a stone by a goblin

Illustrated notes

Levels and vault maps discovered:
D:1:      dpeg_arrival_subterranean_lakeside_camping, layout_loops_ring
D:2:      layout_loops_corners, fiery_altar_vehumet
D:3:      layout_basic, lemuel_doored_altar, gup_sewer_entry_spiral,
          fedhas_altar_2, uniq_robin

Skill      XL: |  1  2  3  4 |
---------------+-------------+-----
Conjurations   | 1 2 |  2.1
Stealth        | 2 |  2.4
Fire Magic     | 3 |  3.4
Dodging        | 2 |  2.1
Throwing       | 1 |  1.0
Axes           | 1 |  1.1
Spellcasting   | 2 |  2.0
Armour         | 1 |  1.0
Fighting       | |  0.8

Action                   |  1- 3 |  4- 6 || total
-------------------------+-------+-------++-------
Melee: Hand axe          |    25 |    25 ||    50
Throw: Boomerang         |       |     7 ||     7
 Cast: Foxfire           |    84 |    35 ||   119
  Eat: Chunk             |     6 |       ||     6
       Ration            |       |     1 ||     1
Armor: Robe              |     5 |       ||     5
       Leather armour    |     1 |     8 ||     9
Dodge: Dodged            |    10 |    29 ||    39
